 Dungeon Crawl Stone Soup version 0.22-a0-354-g30dfbe6 (webtiles) character file.

148 theanonym the Conjurer (level 5, -7/35 HPs)
             Began as a Mummy Conjurer on Apr 16, 2018.
             Mangled by Crazy Yiuf
             ... wielding a +4 quarterstaff of chaos
              (11 damage)
             ... on level 2 of the Dungeon.
             The game lasted 00:05:28 (3271 turns).

theanonym the Conjurer (Mummy Conjurer)             Turns: 3271, Time: 00:05:29

Health: -7/35      AC:  3    Str: 12    XL:     5   Next: 8%
Magic:  2/11       EV: 11    Int: 15    God:
Gold:   142        SH:  0    Dex: 12    Spells: 7/12 levels left

rFire    x . .     SeeInvis .   b - +0 dagger
rCold    + . .     Gourm    .   (no shield)
rNeg     + + +     Faith    .   f - +0 leather armour
rPois    ∞         Spirit   .   (no helmet)
rElec    .         Reflect  .   (no cloak)
rCorr    .         Harm     .   (no gloves)
MR       .....                  (no boots)
Stlth    +.........             c - amulet of rage
HPRegen  0.11/turn              (no ring)
MPRegen  0.12/turn              (no ring)

@: very slightly contaminated, invisible
A: no food or potions, fire vulnerability, cold resistance 1, negative energy
resistance 3, torment resistance, unbreathing
a: no special abilities


Innate Abilities, Weirdness & Mutations

You do not eat or drink.
Your flesh is vulnerable to fire.
You are immune to poison.
Your flesh is cold resistant. (rC+)
You are immune to negative energy. (rN+++)
You are immune to unholy pain and torment.
You can survive without breathing.


   Skills:
 - Level 1.5 Dodging
 - Level 1.5 Stealth
 + Level 4.3 Spellcasting
 * Level 4.7 Conjurations


You had 7 spell levels left.
You knew the following spells:

 Your Spells              Type           Power        Failure   Level  Hunger
a - Magic Dart            Conj           ###.         3%          1    N/A
b - Iskenderun's Mystic   Conj           ###.....     30%         4    N/A

Skill      XL: |  1  2  3  4 |
---------------+-------------+-----
Spellcasting   | 3 4 |  4.3
Conjurations   | 4 |  4.7
Dodging        | |  1.5
Stealth        | |  1.5

Action                   |  1- 3 |  4- 6 || total
-------------------------+-------+-------++-------
Melee: Unarmed           |    18 |       ||    18
       Dagger            |     6 |       ||     6
 Cast: Magic Dart        |    66 |    63 ||   129
  Use: Scroll            |       |     4 ||     4
Armor: Robe              |     5 |       ||     5
       Leather armour    |     1 |     2 ||     3
Dodge: Dodged            |    21 |    12 ||    33

Inventory:

Hand Weapons
 b - a +0 dagger (weapon)
   (You found it on level 1 of the Dungeon)
Armour
 a - a +0 robe
 f - a +0 leather armour (worn)
   (You found it on level 2 of the Dungeon)
Jewellery
 c - an amulet of rage (around neck)
   (You found it on level 2 of the Dungeon)
Scrolls
 e - 3 scrolls of enchant armour
 g - a scroll of immolation
 r - a scroll of identify
 t - 2 scrolls of teleportation {!r}


You were on level 2 of the Dungeon.
You were not hungry.

You visited 1 branch of the dungeon, and saw 2 of its levels.

You collected 142 gold pieces.

Dungeon Overview and Level Annotations

Branches:
Dungeon (2/15)

Altars:

Annotations:
D:2 Crazy Yiuf, Robin

#......##...
#.#.##.##.##
####.#.##.##
#.#.##.##
#.#.##... ######
### #...####.
##..+.## ###..)#
#.### #.
#......####g'...#
#.# #.
#.......#.@##...#
#.# #.
#.#.+..#.### ###
#.### ##.
#.######## #...#
#.. #.# #.#.###..
#.# ####.#.....[
#.# ##....#.###..
####.###########
#.......# #..
#(.............#
#.......# ##.
#.##...#..#.##.#
#.#..##.# #.


You could see Crazy Yiuf.

Notes
Turn   | Place    | Note
-------+----------+-------------------------------------------
     0 | D:1      | theanonym the Mummy Conjurer began the quest for the Orb.
     0 | D:1      | Reached XP level 1. HP: 13/13 MP: 4/4
     2 | D:1      | Noticed a gargoyle
     2 | D:1      | Noticed a troll
     4 | D:1      | Noticed a naga
     6 | D:1      | Noticed a ghoul
     6 | D:1      | Noticed a dwarf
     8 | D:1      | Noticed a minotaur
    10 | D:1      | Noticed a vampire
    10 | D:1      | Noticed a human
    12 | D:1      | Noticed a vine stalker
    12 | D:1      | Noticed a felid
    14 | D:1      | Noticed a formicid
    14 | D:1      | Noticed a merfolk
    16 | D:1      | Noticed a draconian
    18 | D:1      | Noticed an octopode
    18 | D:1      | Noticed a tengu
    20 | D:1      | Noticed a halfling
    20 | D:1      | Noticed a demigod
    22 | D:1      | Noticed an ogre
    22 | D:1      | Noticed an elf
    24 | D:1      | Noticed a spriggan
    26 | D:1      | Noticed a demonspawn
    26 | D:1      | Noticed a centaur
    82 | D:1      | HP: 6/13 [giant cockroach (1)]
   647 | D:1      | Reached skill level 3 in Spellcasting
   689 | D:1      | Reached XP level 2. HP: 19/19 MP: 4/6
  1421 | D:2      | Reached XP level 3. HP: 24/24 MP: 0/7
  1662 | D:2      | Reached skill level 4 in Conjurations
  1806 | D:2      | Noticed Natasha
  1815 | D:2      | HP: 10/24 [Natasha/magic dart (8)]
  1817 | D:2      | Killed Natasha
  1817 | D:2      | Reached XP level 4. HP: 12/30 MP: 0/9
  2000 | D:2      | Noticed Natasha
  2046 | D:2      | Learned a level 4 spell: Iskenderun's Mystic Blast
  2052 | D:2      | Killed Natasha
  2052 | D:2      | Reached skill level 4 in Spellcasting
  2454 | D:2      | Noticed Natasha
  2461 | D:2      | Killed Natasha
  2580 | D:2      | Noticed Robin
  2592 | D:2      | HP: 14/30 [goblin/stone[Robin] (4)]
  2615 | D:2      | HP: 14/30 [goblin/stone[Robin] (2)]
  2980 | D:2      | Reached XP level 5. HP: 29/35 MP: 6/11
  3164 | D:2      | Found a runed door.
  3260 | D:2      | Noticed Crazy Yiuf
  3269 | D:2      | HP: 13/35 [Crazy Yiuf/quarterstaff of chaos (9)]
  3270 | D:2      | HP: 5/35 [Crazy Yiuf/quarterstaff of chaos (8)]
  3271 | D:2      | Mangled by Crazy Yiuf

Vanquished Creatures
  Natasha (thrice) (D:2)
  3 adders (D:2)
  A worm (D:2)
  A leopard gecko (D:1)
  2 bats
  A giant cockroach (D:1)
  4 hobgoblins (D:2)
  4 jackals
  2 quokkas (D:2)
  4 frilled lizards (D:1)
  10 goblins
  5 kobolds
  5 rats
45 creatures vanquished.

Table legend:
 A = Turns spent in this place as a percentage of turns spent in the entire game.
 B = Non-inter-level travel turns spent in this place as a percentage of non-inter-level travel turns spent in the entire game.
 C = Inter-level travel turns spent in this place as a percentage of turns spent in this place.
 D = Turns resting spent in this place as a percentage of non-inter-level travel turns spent in this place.
 E = Turns spent auto-exploring this place as a percentage of non-inter-level travel turns spent in this place.
 F = Non-inter-level travel turns spent in this place divided by the number of levels of this place that you've seen.
                   A       B       C       D       E      F
               +-------+-------+-------+-------+-------+----------------------
         Total | 100.0 | 100.0 |   3.5 |  43.9 |  45.3 | 1579.0
       Dungeon | 100.0 | 100.0 |   3.5 |  43.9 |  45.3 | 1579.0
               +-------+-------+-------+-------+-------+----------------------
